Map: Orbital Shipyard

Players

Adun - Winner!

  • Race: Protoss Protoss
  • League: Gold

Grumm

  • Race: Protoss Protoss
  • League: Gold

VOD

Have the link to the VOD?

Description

Time

  • Played on: Jan. 10, 2016, 9:53 p.m.
  • Length: 12:42
Show
View Real Time Build Order
Export as new Build Order

Adun Protoss - Winner!

Build Orders: Nexus First 

Get SALT Encoding   

  12  0:09  Probe (Chrono Boost)  
  13  0:17  Pylon  
  13  0:20  Probe (Chrono Boost)  
  14  0:52  Probe (Chrono Boost)  
  15  1:00  Nexus  
  15  1:14  Probe (Chrono Boost)  
  16  1:22  Gateway  
  16  1:29  Assimilator, Probe (Chrono Boost)  
  17  1:44  Probe (Chrono Boost)  
  18  1:53  Pylon  
  18  1:57  Assimilator  
  18  2:08  Pylon  
  17  2:12  Cybernetics Core  
  17  2:28  Zealot  
  19  2:36  Pylon  
  19  2:38  Probe (Chrono Boost)  
  19  2:43  Probe (Chrono Boost)  
  21  2:49  Warp Gate  
  21  2:53  Pylon  
  21  2:54  Mothership Core (Chrono Boost)  
  23  3:07  Probe (Chrono Boost)  
  24  3:27  Twilight Council  
  24  3:33  Pylon  
  25  3:34  Probe (Chrono Boost)  
  25  3:36  Adept  
  25  3:39  Probe (Chrono Boost)  
  28  3:56  Probe (Chrono Boost)  
  28  3:59  Probe (Chrono Boost)  
  30  4:11  Blink  
  30  4:13  Probe (Chrono Boost)  
  30  4:14  Probe (Chrono Boost)  
  32  4:17  Stalker  
  32  4:24  Pylon, Probe (Chrono Boost)  
  35  4:48  Probe x2 (Chrono Boost)  
  35  4:49  Pylon  
  37  4:58  Probe (Chrono Boost)  
  36  5:22  Assimilator  
  36  5:28  Assimilator, Dark Shrine  
  36  5:30  Nexus  
  36  5:31  Gateway  
  36  5:34  Pylon, Gateway  
  36  5:48  Probe (Chrono Boost)  
  37  6:00  Gateway  
  37  6:11  Gateway  
  37  6:14  Gateway  
  37  6:16  Gateway  
  37  6:25  Probe x2 (Chrono Boost)  
  39  6:26  Forge  
  36  6:43  Dark Templar  
  36  6:44  Dark Templar x2  
  41  6:56  Gateway  
  41  7:00  Gateway  
  41  7:04  Pylon  
  41  7:07  Pylon  
  40  7:23  Pylon  
  36  7:35  Probe x2 (Chrono Boost)  
  38  7:46  Probe (Chrono Boost), Photon Cannon  
  39  7:51  Robotics Facility  
  39  7:53  Dark Templar  
  39  7:56  Dark Templar  
  38  8:46  Probe x2 (Chrono Boost)  
  40  8:57  Probe (Chrono Boost)  
  41  9:04  Dark Templar x5  
  41  9:06  Observer (Chrono Boost)  
  52  9:25  Observer (Chrono Boost)  
  50  9:51  Zealot x2  
  50  9:52  Zealot x3  
  60  9:54  Observer (Chrono Boost)  
  60  9:59  Photon Cannon  
  59  10:11  Charge (Chrono Boost)  
  55  10:15  Probe  
  55  10:17  Probe  
  57  10:29  Probe  
  57  10:31  Nexus  
  57  10:34  Archon x3  
  58  10:40  Immortal  
  62  10:46  Zealot  
  62  10:47  Zealot x3  
  62  10:48  Pylon  
  70  10:50  Assimilator  
  70  11:07  Dark Templar, Zealot  
  74  11:12  Archon  
  68  11:36  Zealot  
  68  11:37  Zealot  
  68  11:38  Dark Templar x2  
  68  11:39  Zealot  
  78  11:53  Probe  
  78  11:54  Probe  
  78  11:59  Pylon  
  80  12:08  Pylon  
  80  12:23  Pylon  
Show
View Real Time Build Order
Export as new Build Order

Grumm Protoss 

Build Orders: 1 Gate Expand 

Get SALT Encoding   

  12  0:01  Probe (Chrono Boost)  
  13  0:12  Probe (Chrono Boost)  
  14  0:22  Probe (Chrono Boost)  
  14  0:26  Pylon  
  15  0:44  Probe (Chrono Boost)  
  15  0:45  Gateway  
  16  0:55  Probe (Chrono Boost)  
  16  0:56  Assimilator  
  17  1:17  Probe (Chrono Boost)  
  18  1:32  Nexus  
  18  1:34  Probe (Chrono Boost)  
  19  1:44  Cybernetics Core  
  19  1:50  Pylon  
  19  1:53  Probe (Chrono Boost)  
  20  2:06  Probe (Chrono Boost)  
  21  2:21  Stalker  
  23  2:23  Warp Gate (Chrono Boost)  
  23  2:26  Probe  
  24  2:40  Gateway  
  24  2:44  Gateway  
  24  2:46  Probe  
  25  2:54  Probe  
  25  2:56  Assimilator  
  26  3:08  Pylon  
  26  3:10  Probe  
  27  3:16  Adept  
  27  3:17  Probe  
  29  3:24  Probe  
  30  3:27  Probe  
  31  3:36  Assimilator, Probe  
  31  3:40  Probe  
  32  3:41  Pylon  
  33  3:53  Probe x2  
  35  4:05  Twilight Council, Probe  
  35  4:07  Probe  
  35  4:08  Pylon  
  37  4:13  Stargate  
  37  4:17  Probe x2  
  37  4:19  Zealot, Sentry  
  37  4:20  Zealot  
  45  4:28  Pylon  
  45  4:40  Nexus  
  45  4:48  Stalker  
  47  4:58  Gateway  
  47  4:59  Gateway  
  46  5:03  Probe  
  46  5:16  Probe  
  46  5:17  Zealot x3  
  53  5:22  Probe  
  54  5:30  Dark Shrine  
  54  5:31  Probe  
  54  5:32  Probe  
  54  5:34  Pylon  
  56  5:42  Mothership Core  
  56  5:43  Probe  
  56  5:48  Adept x3  
  65  5:55  Probe  
  66  6:05  Zealot x2  
  70  6:15  Pylon  
  68  6:50  Stalker x4  
  58  7:10  Probe  
  58  7:11  Void Ray  
  58  7:14  Dark Templar x2  
  63  7:16  Zealot x3  
  69  7:28  Probe  
  69  7:29  Probe x2  
  60  7:39  Probe x2  
  60  7:40  Assimilator  
  60  7:42  Assimilator, Probe  
  63  7:47  Pylon  
  63  7:48  Assimilator, Stalker  
  63  7:49  Probe  
  63  7:50  Probe, Dark Templar  
  68  7:51  Zealot x3  
  75  8:12  Probe  
  70  8:16  Forge  
  70  8:19  Robotics Facility  
  68  8:21  Pylon  
  66  8:31  Gateway  
  66  8:34  Pylon  
  66  8:36  Sentry  
  66  8:38  Dark Templar  
  62  8:42  Probe  
  62  8:45  Pylon  
  49  8:56  Photon Cannon  
  46  9:04  Photon Cannon  
  46  9:07  Observer (Chrono Boost)  
  16  9:47  Stalker x2  
  16  9:49  Zealot x2  
  16  9:50  Zealot  
  26  9:57  Probe  
  26  9:58  Probe x2  
  27  10:07  Photon Cannon  
  27  10:08  Probe  
  27  10:10  Probe  
  27  10:11  Probe  
  26  10:18  Probe  
  26  10:21  Photon Cannon  
  27  10:23  Probe x2, Zealot x2  
  27  10:24  Zealot x3  
  39  10:29  Probe  
  39  10:35  Probe x2  
  42  10:39  Probe  
  43  10:47  Probe x2  
  45  10:50  Probe  
  46  10:58  Assimilator  
  46  10:59  Probe x2  
  46  11:01  Probe  
  46  11:02  Dark Templar  
  46  11:03  Zealot  
  46  11:04  Zealot  
  56  11:11  Probe  
  56  11:22  Stalker  
  56  11:23  Zealot  
  38  11:32  Probe  
  28  11:34  Probe x2  
  27  11:43  Probe  
  27  11:46  Probe  
  29  11:52  Zealot  
  31  11:56  Dark Templar  
  31  12:01  Sentry  
  35  12:06  Dark Templar  
  37  12:10  Archon  
  37  12:16  Dark Templar  
Tags
 
Add a new tag
Caveats
  • Supply blocks, unpowered buildings, or Contaminate may cause inaccurate times.
  • Supply counts are checked every 10 seconds.